 Dungeon Crawl Stone Soup version 0.31-a0-66-ge618eeaa78 (webtiles) character file.

Game seed: 2013022701959802232

20 Sobieck the Trooper (level 2, -2/31 HPs)
             Began as an Ogre Warper on May 22, 2023.
             Slain by a hobgoblin (4 damage)
             ... on level 1 of the Dungeon.
             The game lasted 00:01:14 (603 turns).

Sobieck the Trooper (Ogre Warper)                    Turns: 603, Time: 00:01:15

Health: -2/31      AC:  3    Str: 14    XL:     2   Next: 79%
Magic:  5/5        EV: 10    Int: 14    God:
Gold:   55         SH:  0    Dex:  8    Spells: 6/6 levels left

rFire   + . .        a - +0 mace {mace}
rCold   + . .        (no shield)
rNeg    . . .        j - +0 robe {rC+ rF+}
rPois   .            (helmet restricted)
rElec   .            (no cloak)
rCorr   .            (gloves unavailable)
SInv    +            (boots unavailable)
Will    .....        (no amulet)
Stlth   +            i - ring of see invisible
HPRegen 0.25/turn    (no ring)
MPRegen 0.09/turn

%: no passive effects
@: no status effects
A: large, unfitting armour, tough skin 1
a: no special abilities


You were on level 1 of the Dungeon.
You visited 1 branch of the dungeon, and saw 1 of its levels.

You collected 55 gold pieces.


Innate Abilities, Weirdness & Mutations

You are too large for most types of armour.
You have tough skin. (AC +1)


   Skills:
 + Level 3.2 Fighting
 + Level 2.1 Maces & Flails
 - Level 1.0 Throwing
 + Level 2.4 Dodging
 + Level 2.8 Spellcasting
 - Level 2.6 Translocations


You had 6 spell levels left.
You didn't know any spells.
Your spell library contained the following spells:

 Spells                   Type           Power      Damage    Failure   Level
 Blink                    Tloc           18%        N/A       11%         2
 Lesser Beckoning         Tloc           18%        N/A       11%         2
 Magic Dart               Conj           4%         1d3       22%         1
 Teleport Other           Tloc           9%         N/A       22%         3
 Call Imp                 Summ           2%         N/A       32%         2
 Vhi's Electric Charge    Tloc/Air       8%         N/A       41%         3
 Manifold Assault         Tloc           9%         N/A       58%         4
 Mephitic Cloud           Conj/Pois/Air  0%         N/A       63%         3

Inventory:

Hand Weapons
 a - a +0 mace (weapon) {mace}
Missiles
 d - 7 boomerangs of dispersal (quivered) {=f!fthrowing}
 e - 8 stones {throwing}
Armour
 b - a +0 robe
 j - a +0 robe of resistance (worn)
   (You found it on level 1 of the Dungeon)
Jewellery
 i - a ring of see invisible (left hand)
   (You found it on level 1 of the Dungeon)
Scrolls
 c - a scroll of blinking {!r}
 f - a scroll of teleportation {unknown}
 g - a scroll of enchant weapon {unknown}
 h - a scroll of identify {unknown}

Dungeon Overview and Level Annotations

Branches:
Dungeon (1/15) Zot: 5371

Altars:

###.###...........# #
#...###...#.#.###
###..####......†##
#># ###.#.#..### .#
#.#.##...# .
#.#.##...# #
#.#.##...#
#####.#..##.##
.....##@##.# ##
#..##g##.# .####
####...bg##.# ....#
.........##.#
..#..............##..
#................###.
#######.......†..# .
.........# ..........


You could see a hobgoblin, a goblin and a bat.


Message History

You kill the quokka!
Unknown command.
Unknown command.
j - a +0 robe of resistance You start removing your armour.
You continue taking off your +0 robe. x4
You finish taking off your +0 robe.
You start putting on your armour.
You continue putting on your +0 robe of resistance. x5
You finish putting on your +0 robe of resistance.
You feel resistant to extremes of temperature.
Unknown command.
An endoplasm comes into view.
The endoplasm quivers.
Danger!
The endoplasm freezes you.
You are frozen.
You resist.
You hit the endoplasm.
You kill the endoplasm!
No target in view!
A hobgoblin comes into view.
Danger!
The hobgoblin shouts!
A bat comes into view.
The bat moves out of view.
A bat comes into view.
You barely miss the hobgoblin.
A goblin comes into view. It is wielding a +0 dagger.
The hobgoblin hits you.
A quokka comes into view.
The bat hits you but does no damage.
The goblin shouts!
You hit the bat.
You kill the bat!
The hobgoblin hits you. The hobgoblin closely misses you.
You hit the hobgoblin. The hobgoblin hits you.
Unknown command.
The hobgoblin attacks as you move away! The hobgoblin barely misses you.
The hobgoblin attacks as you move away! The hobgoblin misses you.
The quokka attacks as you move away! The quokka closely misses you.
The quokka bites you. The hobgoblin attacks as you move away!
The hobgoblin hits you but does no damage.
The hobgoblin attacks as you move away!
The hobgoblin hits you but does no damage.
Unknown command.
You miss the quokka.
The quokka bites you but does no damage.
You barely miss the quokka. The quokka bites you. x2
You hit the quokka but do no damage. The quokka barely misses you.
Unknown command.
You hit the quokka but do no damage.
The quokka bites you but does no damage.
The quokka completely misses you.
You closely miss the quokka. The quokka closely misses you.
The quokka bites you.
Unknown command.
You hit the quokka. The quokka bites you.
You closely miss the quokka. The quokka closely misses you. x2
Unknown command.
You hit the quokka but do no damage. The quokka bites you.
* * * LOW HITPOINT WARNING * * *
You closely miss the quokka.
The quokka bites you but does no damage. x2
Unknown command.
You hit the quokka. The quokka misses you.
You closely miss the quokka. The quokka bites you.
* * * LOW HITPOINT WARNING * * *
The quokka barely misses you.
You hit the quokka.
You kill the quokka!
Unknown command.
You hit the hobgoblin. The hobgoblin hits you.
* * * LOW HITPOINT WARNING * * *
The hobgoblin hits you but does no damage.
You closely miss the hobgoblin. The hobgoblin closely misses you.
Unknown command.
You barely miss the hobgoblin. The hobgoblin hits you.
* * * LOW HITPOINT WARNING * * *
You closely miss the hobgoblin. The hobgoblin hits you.
* * * LOW HITPOINT WARNING * * *
The hobgoblin closely misses you.
Unknown command.
You closely miss the hobgoblin. The hobgoblin barely misses you.
You barely miss the hobgoblin. The hobgoblin barely misses you.
Unknown command.
You barely miss the hobgoblin. The hobgoblin hits you.
* * * LOW HITPOINT WARNING * * *
The hobgoblin hits you.
* * * LOW HITPOINT WARNING * * *
You hit the hobgoblin but do no damage. The hobgoblin hits you.
* * * LOW HITPOINT WARNING * * *
You hit the hobgoblin but do no damage. The hobgoblin hits you.
* * * LOW HITPOINT WARNING * * *
Unknown command.
You hit the hobgoblin. The hobgoblin closely misses you.
Unknown command.
You closely miss the hobgoblin.
The hobgoblin hits you but does no damage.
The hobgoblin hits you.
You die...

Skill      XL: |  1  2 |
---------------+-------+-----
Fighting       | 3 |  3.2
Maces & Flails | 2 |  2.1
Throwing       | |  1.0
Dodging        | |  2.4
Spellcasting   | |  2.8
Translocations | |  2.6

Action                     || total
---------------------------++-------
  Melee: Mace              ||    81
 Armour: Robe              ||    30
  Dodge: Dodged            ||    38

Levels and vault maps discovered:
D:1:      lemuel_arrival_broad_hall, layout_rooms

Notes
Turn   | Place    | Note
-------+----------+-------------------------------------------
     0 | D:1      | Sobieck the Ogre Warper began the quest for the Orb.
     0 | D:1      | Reached XP level 1. HP: 22/22 MP: 3/3
    78 | D:1      | You pick up a book of Minor Magic and begin reading...
    78 | D:1      | You add the spells Magic Dart, Call Imp and Mephitic Cloud
                  | to your library.
   201 | D:1      | Reached skill level 3 in Fighting
   208 | D:1      | Reached XP level 2. HP: 19/31 MP: 5/5
   230 | D:1      | Reached skill level 2 in Maces & Flails
   599 | D:1      | HP: 6/31 [hobgoblin (4)]
   601 | D:1      | HP: 2/31 [hobgoblin (4)]
   603 | D:1      | Slain by a hobgoblin

Vanquished Creatures
  A bat (D:1)
  3 endoplasms (D:1)
  2 giant cockroaches (D:1)
  2 goblins (D:1)
  2 hobgoblins (D:1)
  2 quokkas (D:1)
  3 ball pythons (D:1)
  A kobold (D:1)
  2 rats (D:1)
18 creatures vanquished.

Table legend:
 A = Non-vault XP
 B = Vault XP
 C = Vault XP percentage of total XP
 D = Non-vault monster count
 E = Vault monster count
 F = Vault count percentage of total count
                 A         B        C        D         E       F
            +---------+---------+-------+---------+---------+-------
      Total |      29 |       0 |   0.0 |      18 |       0 |   0.0
            +---------+---------+-------+---------+---------+-------
        D:1 |      29 |       0 |   0.0 |      18 |       0 |   0.0
            +---------+---------+-------+---------+---------+-------

Skill      XL: |  1  2 |
---------------+-------+-----
Fighting       | 3 |  3.2
Maces & Flails | 2 |  2.1
Throwing       | |  1.0
Dodging        | |  2.4
Spellcasting   | |  2.8
Translocations | |  2.6

Action                     || total
---------------------------++-------
  Melee: Mace              ||    81
 Armour: Robe              ||    30
  Dodge: Dodged            ||    38

Illustrated notes

Table legend:
 A = Kills in this place as a percentage of kills in the entire game.
 B = Kills by you in this place as a percentage of kills by you in the entire game.
 C = Kills by friends in this place as a percentage of kills by friends in the entire game.
 D = Other kills in this place as a percentage of other kills in the entire game.
 E = Experience gained in this place as a percentage of experience gained in the entire game.
 F = Experience gained in this place divided by the number of levels of this place that you have seen.
                   A       B       C       D       E      F
               +-------+-------+-------+-------+-------+----------------------
         Total | 100.0 | 100.0 |   N/A |   N/A | 100.0 |  29.0
       Dungeon | 100.0 | 100.0 |   N/A |   N/A | 100.0 |  29.0
               +-------+-------+-------+-------+-------+----------------------

Table legend: (Time is in decaauts)
 A = Elapsed time spent in this place.
 B = Non-inter-level travel time spent in this place.
 C = Inter-level travel time spent in this place.
 D = Time resting spent in this place.
 E = Time spent auto-exploring this place.
 F = Levels seen in this place.
 G = Mean time per level.
                   A        B        C        D        E       F      G
               +--------+--------+--------+--------+--------+-----+--------+
         Total |    626 |    626 |      0 |     11 |    425 |   1 |  626.0 |
       Dungeon |    626 |    626 |      0 |     11 |    425 |   1 |  626.0 |
               +--------+--------+--------+--------+--------+-----+--------+

Top non-repeatable levels by time:
     D:1: 626 daAuts
